AoeStats
← 只会打步弓

Nomad

510116020Analyzed
4v4 RM · 2d ago on Sep 29, 2026· 33m 34s· 8 players
Game mode
Random Map
Map size
231×231
Population
200
Speed
Normal
Resources
Standard
Victory
Conquest
Starting age
Dark Age
Ending age
Imperial Age
RankedLock teamsTeams togetherTeam positionsShared explorationLock speedFull tech treeHidden civsTurbo modeCheats
Victory
Defeat
🇹🇼 Varangians · Taiwan
1647
+16
🇹🇼 Varangians · Taiwan
1638
+17
🇹🇼 Spanish · Taiwan
1597
+19
🇹🇼 Vietnamese · Taiwan
1576
+19
🇨🇳 Varangians · China
1681
-19
🇨🇳 Huns · China
1658
-18
🇨🇳 Spanish · China
1645
-17
🇨🇳 Dravidians · China
1632
-17
皮眼派對
6:11 Loom
12:10 Feudal Age
14:13 Bloodlines
18:39 Scale Barding Armor
19:35 Forging
25:33 Wheelbarrow
25:13 Double-Bit Axe
29:07 Castle Age
27:51 Gold Mining
29:10 Light Cavalry
30:11 Chain Barding Armor
32:36 Horse Collar
包莖
4:51 Loom
13:34 Feudal Age
15:21 Town Watch
16:46 Wheelbarrow
18:17 Castle Age
17:19 Fletching
19:24 Double-Bit Axe
25:06 Bow Saw
24:54 Horse Collar
28:21 Padded Archer Armor
31:28 Wheelbarrow
31:30 Leather Archer Armor
34:00 Bloodlines
wildanimal
14:37 Feudal Age
15:03 Fishing Lines
15:38 Loom
16:04 Stone Mining
18:23 Castle Age
16:31 Gold Mining
19:13 Gillnets
19:17 Double-Bit Axe
20:24 Wheelbarrow
20:26 Medium Warships
20:20 Town Watch
20:47 Town Watch
21:17 Hand Cart
20:56 Fletching
21:07 Padded Archer Armor
22:24 Bodkin Arrow
24:49 Leather Archer Armor
25:40 Ballistics
28:31 Bow Saw
28:40 Treadmill Crane
30:51 Horse Collar
34:23 Imperial Age
34:05 Thumb Ring
暴陽
14:30 Feudal Age
15:13 Double-Bit Axe
17:56 Castle Age
15:49 Fishing Lines
17:07 Forging
17:00 Gold Mining
18:17 Fletching
18:55 Bow Saw
20:28 Bodkin Arrow
21:25 Wheelbarrow
21:03 Gillnets
21:39 Scale Barding Armor
24:27 Chain Barding Armor
24:18 Bloodlines
25:05 Loom
25:34 Town Watch
26:06 Stone Mining
25:57 Horse Collar
26:55 Iron Casting
26:56 Heavy Plow
30:00 Hand Cart
31:42 Husbandry
32:34 Ballistics
31:55 Treadmill Crane
34:46 Imperial Age
33:10 Stone Shaft Mining
33:05 Masonry
33:29 Clinker Construction
33:32 Careening
33:34 Padded Archer Armor
LY006
4:40 Loom
11:52 Feudal Age
12:27 Double-Bit Axe
16:53 Wheelbarrow
18:15 Fletching
22:41 Castle Age
22:20 Gold Mining
23:43 Medium Warships
23:44 Bodkin Arrow
25:27 Ballistics
26:04 Careening
26:07 Clinker Construction
26:14 Bow Saw
只会打步弓
5:49 Loom
12:34 Feudal Age
13:19 Double-Bit Axe
23:03 Castle Age
24:53 Town Watch
26:02 Wheelbarrow
26:07 Medium Warships
25:56 Horse Collar
27:40 Fletching
31:16 Bodkin Arrow
LUCKY
5:58 Loom
17:13 Feudal Age
18:06 Double-Bit Axe
18:06 Fishing Lines
19:42 Fletching
20:35 Wheelbarrow
小胖子
4:16 Loom
14:07 Feudal Age
17:44 Castle Age
15:58 Double-Bit Axe
17:10 Horse Collar
19:32 Bow Saw
19:41 Padded Archer Armor
28:32 Leather Archer Armor
30:20 Bloodlines
Connection lost

Rejoining the realm…

Still unreachable

The connection could not be restored.

Session expired

The server has moved on; the page needs a fresh start.